AoeStats
← KiNGMG

Arabian Desert

510622720Analyzed
1v1 RM · 9h ago on Oct 1, 2026· 30m 30s· 2 players
Game mode
Random Map
Map size
Tiny (2 player)
Population
200
Speed
Normal
Resources
Standard
Victory
Conquest
Starting age
Dark Age
Ending age
Imperial Age
RankedLock teamsTeams togetherTeam positionsShared explorationLock speedFull tech treeHidden civsTurbo modeCheats
Victory
Defeat
🇲🇽 Saxons · Mexico
1025
+17
🇩🇪 Cumans · Germany
1057
-17
Jarau
11:02 Feudal Age
11:36 Double-Bit Axe
12:09 Man-at-Arms
15:18 Horse Collar
18:23 Arson
18:42 Scale Mail Armor
18:33 Fletching
20:30 Bloodlines
24:18 Castle Age
24:00 Padded Archer Armor
23:49 Loom
24:43 Scale Barding Armor
26:30 Bow Saw
26:38 Gambesons
26:54 Squires
27:31 Gold Mining
KiNGMG
7:49 Loom
10:12 Feudal Age
13:16 Wheelbarrow
18:36 Castle Age
16:43 Padded Archer Armor
18:23 Fletching
18:46 Gold Mining
18:43 Crossbowman
22:05 Bodkin Arrow
26:05 Bloodlines
Connection lost

Rejoining the realm…

Still unreachable

The connection could not be restored.

Session expired

The server has moved on; the page needs a fresh start.